 Dungeon Crawl Stone Soup version 0.27-a0-1322-gfdffb62a71 (webtiles) character file.

Game seed: 2780345247279156045

886 Brandom the Skirmisher (level 7, -4/57 HPs)
             Began as a Demonspawn Delver on June 22, 2021.
             Slain by an ogre (11 damage)
             ... on level 5 of the Dungeon.
             The game lasted 00:11:50 (8045 turns).

Brandom the Skirmisher (Demonspawn Delver)          Turns: 8045, Time: 00:11:51

Health: -4/57      AC:  3    Str: 12    XL:     7   Next: 76%
Magic:  7/7        EV: 13    Int: 11    God:
Gold:   101        SH:  0    Dex: 17    Spells: 6/6 levels left

rFire    . . .     SeeInvis .   g - +0 long sword
rCold    . . .     Faith    .   (no shield)
rNeg     + . .     Spirit   .   b - +0 leather armour
rPois    .         Reflect  .   (helmet restricted)
rElec    .         Harm     .   (no cloak)
rCorr    .         Rampage  .   (no gloves)
Will     .....                  (no boots)
Stlth    +++.......             e - amulet of regeneration
HPRegen  1.19/turn              u - ring of positive energy
MPRegen  0.10/turn              (no ring)

@: no status effects
A: antennae 2, slimy green scales 1, foul stench 2, agile 1, deformed body, weak
1
a: no special abilities


You were on level 5 of the Dungeon.
You visited 1 branch of the dungeon, and saw 5 of its levels.

You collected 244 gold pieces.
You spent 143 gold pieces at shops.

Inventory:

Hand Weapons
 a - a +0 falchion
 g - a +0 long sword (weapon)
   (You found it on level 4 of the Dungeon)
Missiles
 l - 6 boomerangs (quivered)
 q - 4 atropa-tipped darts
Armour
 b - a +0 leather armour (worn)
Jewellery
 e - an amulet of regeneration (around neck)
   (You found it on level 2 of the Dungeon)
 n - a ring of fire
   (You found it on level 1 of the Dungeon)
 u - a ring of positive energy (left hand)
   (You found it on level 4 of the Dungeon)
Wands
 d - a wand of iceblast (7)
   (You found it on level 4 of the Dungeon)
 v - a wand of digging (7)
Scrolls
 c - a scroll of fog
 h - 7 scrolls of identify {unknown}
 i - a scroll of brand weapon {unknown}
 k - a scroll of vulnerability {!r}
 m - 3 scrolls of teleportation {@r4}
 o - 2 scrolls of blinking
 p - a scroll of fear
 r - a scroll of immolation {unknown}
 s - 2 scrolls of magic mapping
Potions
 f - a potion of haste {@q3}
 j - 4 potions of curing {@q1}
 t - a potion of resistance {unknown}
 w - 2 potions of flight {unknown}


   Skills:
 * Level 5.9 Fighting
 * Level 4.8 Long Blades
 + Level 3.0 Armour
 + Level 3.6 Dodging
 - Level 4.5 Stealth


You had 6 spell levels left.
You didn't know any spells.
Your spell library was empty.

Dungeon Overview and Level Annotations

Branches:
Dungeon (5/15)
 Temple: D:4-7

Altars:

Shops:
D:4 !


Innate Abilities, Weirdness & Mutations

You have a pair of antennae on your head.
You are partially covered in slimy green scales. (AC +2)
You sometimes emit foul miasma when damaged in melee.
You are agile. (Dex +2)
Armour fits poorly on your strangely shaped body.
You are weak. (Str -2)


Message History

Ouch! That really hurt!
* * * LOW HITPOINT WARNING * * *
Eustachio is engulfed in dark miasma.
Eustachio is poisoned.
Eustachio misses you.
You hear a shout!
You hit the ogre.
Eustachio is engulfed in dark miasma.
Eustachio looks even sicker.
Eustachio hits you with a +0 rapier!
* * * LOW HITPOINT WARNING * * *
The ogre is engulfed in dark miasma.
The ogre looks even sicker.
The ogre seems to slow down.
The ogre barely misses you.
You slash the ogre!
You kill the ogre!
Eustachio is engulfed in dark miasma.
Eustachio looks even sicker.
Eustachio gestures wildly while chanting.
Eustachio blinks!
Unknown command.
You slash Eustachio! Eustachio hits you with a +0 rapier.
* * * LOW HITPOINT WARNING * * *
The adder zombie completely misses you.
You riposte.
You hit the adder zombie. You barely miss Eustachio.
The adder zombie bites you.
* * * LOW HITPOINT WARNING * * *
Eustachio gestures wildly while chanting.
You closely miss Eustachio. The bat hits you but does no damage.
The adder zombie bites you but does no damage.
Eustachio misses you. The bat barely misses you.
You riposte.
You closely miss the bat. The adder zombie barely misses you.
An ogre comes into view. It is wielding a +0 giant spiked club.
You closely miss Eustachio. The bat closely misses you.
You riposte.
You slash the bat!
You kill the bat!
The bat's corpse disappears in a puff of smoke!
Eustachio misses you.
You riposte.
You miss Eustachio. The quokka completely misses you.
The adder zombie bites you but does no damage.
Eustachio hits you with a +0 rapier!
* * * LOW HITPOINT WARNING * * *
You hit Eustachio. The quokka bites you.
* * * LOW HITPOINT WARNING * * *
The adder zombie bites you but does no damage.
The quokka closely misses you. Eustachio closely misses you.
You riposte.
You slash Eustachio!
You kill Eustachio!
The quokka disappears in a puff of smoke!
Your Armour skill increases to level 3!
You hit the adder zombie. The adder zombie completely misses you.
Unknown command.
You hit the ogre.
The adder zombie bites you but does no damage.
The ogre hits you with a +0 giant spiked club!
You die...

#.#.# #.. ..#..
#.#.###.# #.#.# #
##..#.##.####.#.#####.#
...###................#
###.#.##.####.#..#.##.#
)..#.# #.####.#..#.##.#
#..#####......#.......#
†..# #.....####)Z####.#
#....#.....# #.@# #
.##.......# #.O.....#
....#.....# #.#######
..!###...$.# #. #.##
####### ## >. .## . ##


You could see an ogre and an adder zombie.

Vanquished Creatures
  Sigmund (D:2)
  Eustachio (D:5)
  An ogre (D:5)
  A centaur (D:5)
  A phantom (D:5)
  A scorpion (D:4)
  A howler monkey (D:4)
  2 hounds (D:4)
  Jessica (D:2)
  An iguana (D:5)
  A hound skeleton (D:5)
  4 adders
  An ufetubus (D:5)
  A worm (D:2)
  A dart slug (D:2)
  6 orcs (D:3)
  8 endoplasms
  3 giant cockroaches
  5 goblins
  5 hobgoblins
  8 jackals
  6 kobolds
  A quokka (D:2)
  6 ball pythons
  5 bats
  3 frilled lizards
  3 rats
78 creatures vanquished.

Notes
Turn   | Place    | Note
-------+----------+-------------------------------------------
     0 | D:5      | Brandom the Demonspawn Delver began the quest for the Orb.
     0 | D:5      | Reached XP level 1. HP: 18/18 MP: 1/1
     4 | D:5      | Noticed a phantom
    25 | D:4      | Noticed a howler monkey
    89 | D:4      | Gained mutation: You are partially covered in slimy green
                  | scales. (AC +2) [demonic ancestry]
    89 | D:4      | Reached XP level 2. HP: 11/24 MP: 2/2
   693 | D:1      | Found a faded altar of an unknown god.
  1208 | D:2      | Reached skill level 1 in Armour
  1208 | D:2      | Gained mutation: You may rarely emit foul miasma when
                  | damaged in melee. [demonic ancestry]
  1208 | D:2      | Reached XP level 3. HP: 22/29 MP: 3/3
  1407 | D:2      | Noticed Sigmund
  1423 | D:2      | Killed Sigmund
  1424 | D:2      | Reached skill level 4 in Fighting
  1424 | D:2      | Reached XP level 4. HP: 37/38 MP: 4/4
  1424 | D:2      | Gained mutation: You sometimes emit foul miasma when
                  | damaged in melee. [demonic ancestry]
  1424 | D:2      | Reached XP level 5. HP: 42/43 MP: 5/5
  1824 | D:2      | Noticed Jessica
  1830 | D:2      | Killed Jessica
  2027 | D:2      | Gained mutation: You have a pair of small antennae on your
                  | head. [demonic ancestry]
  2027 | D:2      | Reached XP level 6. HP: 49/49 MP: 6/6
  2997 | D:4      | Reached skill level 5 in Fighting
  3038 | D:4      | Found Zecsuru's Distillery.
  3058 | D:4      | Bought a potion of mutation for 104 gold pieces
  3058 | D:4      | Bought a potion of curing for 39 gold pieces
  3058 | D:4      | Gained mutation: Armour fits poorly on your strangely
                  | shaped body. [potion of mutation]
  3058 | D:4      | Gained mutation: You are agile. (Dex +2) [potion of
                  | mutation]
  3058 | D:4      | Gained mutation: You are weak. (Str -2) [potion of
                  | mutation]
  3058 | D:4      | Gained mutation: You have a pair of antennae on your head.
                  | [potion of mutation]
  3974 | D:4      | Found Zecsuru's Distillery.
  4889 | D:4      | Found Zecsuru's Distillery.
  5995 | D:4      | Found Zecsuru's Distillery.
  6567 | D:4      | Found Zecsuru's Distillery.
  7245 | D:4      | Found Zecsuru's Distillery.
  7830 | D:5      | Reached XP level 7. HP: 37/56 MP: 7/7
  8024 | D:5      | Noticed Eustachio
  8043 | D:5      | Killed Eustachio
  8045 | D:5      | Slain by an ogre

Illustrated notes

Levels and vault maps discovered:
D:1:      minmay_arrival_doors, layout_basic,
          hellmonk_ecumenical_altar_crossroads, amcnicky_mini_pool_small,
          hex_tiny
D:2:      layout_basic, uniq_jessica, uniq_sigmund
D:3:      layout_loops_ring, grunt_decor_cap, grunt_ministairs_5,
          chequers_serial_rivers_micro_b, wander_ebering_terrifying_dragon_lair
D:4:      layout_basic, serial_shops, nicolae_diamond_shop,
          serial_co_window_serial, co_window_paths_a, co_window_paths_a,
          co_window_corner_a, co_window_paths_a, co_window_corner_a,
          co_window_cross_1, co_window_corner_b, co_window_corner_b,
          co_window_corner_cb, co_window_paths_c, co_window_corner_cb,
          co_window_paths_e, glass_columns_a, glass_columns_b, glass_columns_b,
          glass_columns_b
D:5:      layout_loops_cross, portal_sewer_entry_e, uniq_crazy_yiuf_cottage,
          uniq_pikel, uniq_eustachio

Skill      XL: |  1  2  3  4  5  6  7 |
---------------+----------------------+-----
Long Blades    | 2 3 4 |  4.8
Dodging        | 2 3 |  3.6
Armour         | 1 2 3 |  3.0
Fighting       | 4 5 |  5.9
Stealth        | |  4.5

Action                   |  1- 3 |  4- 6 |  7- 9 || total
-------------------------+-------+-------+-------++-------
Melee: Falchion          |     8 |       |       ||     8
       Long sword        |    67 |   117 |    22 ||   206
  Use: Potion            |       |     1 |       ||     1
       Scroll            |       |       |     3 ||     3
 Stab: Sleeping          |     4 |     9 |       ||    13
       Distracted        |       |     1 |       ||     1
Armor: Leather armour    |    27 |    38 |    15 ||    80
Dodge: Dodged            |    52 |    77 |    38 ||   167
       Rpst.: Falchion   |     1 |       |       ||     1
       Long sword        |    16 |    33 |    15 ||    64

Table legend: (Time is in decaauts)
 A = Elapsed time spent in this place.
 B = Non-inter-level travel time spent in this place.
 C = Inter-level travel time spent in this place.
 D = Time resting spent in this place.
 E = Time spent auto-exploring this place.
 F = Levels seen in this place.
 G = Mean time per level.
                   A        B        C        D        E       F      G
               +--------+--------+--------+--------+--------+-----+--------+
         Total |   8096 |   7724 |    372 |    246 |   6751 |   5 | 1619.2 |
       Dungeon |   8096 |   7724 |    372 |    246 |   6751 |   5 | 1619.2 |
               +--------+--------+--------+--------+--------+-----+--------+

Top non-repeatable levels by time:
     D:4: 5411 daAuts
     D:2: 1072 daAuts
     D:3: 830 daAuts
     D:1: 556 daAuts
     D:5: 224 daAuts
